 Dungeon Crawl Stone Soup version 0.27.1-1-g398f81649c (webtiles) character file.

Game seed: 3221164137547097237

9 pbellow the Skirmisher (level 2, -2/32 HPs)
             Began as an Ogre Berserker on Sept 11, 2021.
             Was a Follower of Trog.
             Slain by Sigmund (5 damage)
             ... on level 2 of the Dungeon.
             The game lasted 00:01:35 (938 turns).

pbellow the Skirmisher (Ogre Berserker)              Turns: 938, Time: 00:01:36

Health: -2/32      AC:  3    Str: 20    XL:     2   Next: 12%
Magic:  2/2        EV: 10    Int:  8    God:    Trog [*.....]
Gold:   69         SH:  0    Dex:  8    Spells: 1/1 levels left

rFire    . . .     SeeInvis .   a - +0 hand axe
rCold    . . .     Faith    .   (no shield)
rNeg     . . .     Spirit   .   b - +0 animal skin
rPois    .         Reflect  .   (helmet restricted)
rElec    .         Harm     .   (no cloak)
rCorr    .         Rampage  .   (gloves unavailable)
Will     .....                  (boots unavailable)
Stlth    +.........             (no amulet)
HPRegen  0.10/turn              (no ring)
MPRegen  0.08/turn              (no ring)

@: no status effects
A: large, unfitting armour, tough skin 1
a: Renounce Religion, Berserk


You were on level 2 of the Dungeon.
You worshipped Trog.
Trog was aware of your devotion.
You visited 1 branch of the dungeon, and saw 2 of its levels.

You collected 69 gold pieces.

Inventory:

Hand Weapons
 a - a +0 hand axe (weapon)
Armour
 b - a +0 animal skin (worn)
Scrolls
 c - 2 scrolls of teleportation {unknown}
 d - a scroll of vulnerability {unknown}
 e - a scroll of identify {unknown}
 g - a scroll of holy word {unknown}
Potions
 f - a potion of invisibility {unknown}


   Skills:
 + Level 4.2 Fighting
 + Level 3.2 Axes
 + Level 2.8 Dodging
 + Level 0.2 Stealth


You had one spell level left.
You didn't know any spells.
Your spell library was empty.

Dungeon Overview and Level Annotations

Branches:
Dungeon (2/15)

Altars:

Annotations:
D:2 Sigmund


Innate Abilities, Weirdness & Mutations

You are too large for most types of armour.
You have tough skin. (AC +1)


Message History

Where to? (? - help)
You see here 14 bolts.
There is a stone staircase leading down here.
You climb downwards.
Found a stone staircase leading up.
There is a stone staircase leading up here.
There are monsters nearby!
The frilled lizard hisses angrily.
There is a stone staircase leading up here.
You miss the frilled lizard. Sigmund gestures at you while chanting.
You resist with significant effort.
The frilled lizard bites you but does no damage.
You barely miss the frilled lizard. The frilled lizard barely misses you.
You barely miss the frilled lizard.
Sigmund points at you and mumbles some strange words.
You are confused.
The frilled lizard bites you but does no damage.
You bump into the rock wall.
Sigmund hits you from afar with a +0 scythe!
The frilled lizard bites you but does no damage.
The frilled lizard closely misses you.
You bump into the rock wall.
The frilled lizard barely misses you.
Sigmund hits you from afar with a +0 scythe.
You slash the frilled lizard!
You kill the frilled lizard!
Trog accepts your kill.
You feel less confused. Sigmund hits you but does no damage.
You see here a frilled lizard corpse.
You hit Sigmund.
Sigmund is lightly wounded.
Sigmund hits you with a +0 scythe!
* * * LOW HITPOINT WARNING * * *
You hit Sigmund.
Sigmund is lightly wounded.
You barely miss Sigmund.
Sigmund is lightly wounded.
Sigmund hits you with a +0 scythe.
You die...

.. .. .# .# # .#
#.#####.#
#.......# #
#.#.##.###
#.######@@.......#
#..........##.##..
#.......<.....#
#<#############


You could see Sigmund.

Vanquished Creatures
  A bat (D:1)
  An endoplasm (D:1)
  2 giant cockroaches (D:1)
  A goblin (D:1)
  2 ball pythons (D:1)
  A frilled lizard (D:2)
8 creatures vanquished.

Vanquished Creatures (others)
  A plant (D:1)
1 creature vanquished.

Grand Total: 9 creatures vanquished

Notes
Turn   | Place    | Note
-------+----------+-------------------------------------------
     0 | D:1      | pbellow the Ogre Berserker began the quest for the Orb.
     0 | D:1      | Reached XP level 1. HP: 24/24 MP: 1/1
   611 | D:1      | Found a faded altar of an unknown god.
   623 | D:1      | Reached XP level 2. HP: 32/32 MP: 2/2
   923 | D:2      | Noticed Sigmund
   938 | D:2      | Slain by Sigmund

Illustrated notes

Levels and vault maps discovered:
D:1:      psy_arrival_basics, layout_loops_corners,
          dreamdust_ecumenical_altar_hidden_monk_grotto, grunt_decor_cap
D:2:      layout_loops_ring, chequers_serial_rivers_micro_a, uniq_sigmund

Action                   || total
-------------------------++-------
Melee: Hand axe          ||    22
Armor: Animal skin       ||    12
Dodge: Dodged            ||     8
